 Dungeon Crawl Stone Soup version 0.29.1-15-g9cfb28693d (webtiles) character file.

Game seed: 986109027850335388

478 Tauromancer the Twirler (level 7, -1/41 HPs)
             Began as a Gargoyle Gladiator on Mar 31, 2023.
             Was an Initiate of Ru.
             Slain by an ogre
             ... wielding a +0 giant club
              (22 damage)
             ... on level 4 of the Dungeon.
             The game lasted 00:17:49 (3472 turns).

Tauromancer the Twirler (Gargoyle Gladiator)        Turns: 3472, Time: 00:17:49

Health: -1/41      AC:  9    Str: 19    XL:     7   Next: 11%
Magic:  7/7        EV: 13    Int:  9    God:    Ru [......]
Gold:   229        SH:  0    Dex: 11    Spells: 6/6 levels left

rFire   + + .      SeeInvis .   a - +0 quarterstaff
rCold   x . .      Faith    .   (shield currently unavailable)
rNeg    + . .      Spirit   .   d - +2 robe {rF+}
rPois   ∞          Reflect  .   c - +0 helmet
rElec   +          Harm     .   (no cloak)
rCorr   .          Rampage  .   (no gloves)
Will    .....                   (no boots)
Stlth   +.........              (no amulet)
HPRegen 0.13/turn               p - ring of fire
MPRegen 0.10/turn               (no ring)

@: no status effects
A: sickness immunity, AC +4, negative energy resistance 1, electricity
resistance, torment resistance 1, petrification resistance
a: Renounce Religion


You were on level 4 of the Dungeon.
You worshipped Ru.
Ru was noncommittal.
You visited 1 branch of the dungeon, and saw 4 of its levels.

You collected 229 gold pieces.

Inventory:

Hand Weapons
 a - a +0 quarterstaff (weapon)
 l - a +0 scythe
Missiles
 e - a javelin (quivered)
 u - 6 boomerangs
Armour
 b - a +0 leather armour
 c - a +0 helmet (worn)
 d - a +2 robe of fire resistance (worn)
Jewellery
 p - a ring of fire (left hand)
 t - a ring of willpower
Scrolls
 f - a scroll of teleportation {unknown}
 h - a scroll of magic mapping
 i - a scroll of blinking
 n - a scroll of summoning {unknown}
Potions
 g - a potion of magic {unknown}
 j - a potion of haste
 k - a potion of berserk rage {unknown}
 m - 3 potions of heal wounds
 o - a potion of degeneration {unknown}
 q - a potion of curing {unknown}
 r - 2 potions of lignification
 s - a potion of ambrosia {unknown}


   Skills:
 + Level 3.6 Fighting
 + Level 6.1 Staves
 + Level 2.0 Throwing
 * Level 1.2 Armour
 - Level 3.7 Dodging


You had 6 spell levels left.
You didn't know any spells.
Your spell library contained the following spells:

 Spells                   Type           Power      Damage    Failure   Level
 Necrotise                Necr           0%         1d4       38%         1
 Scorch                   Fire           0%         2d5       52%         2
 Dispel Undead            Necr           0%         3d6       99%         4
 Flame Wave               Conj/Fire      0%         2d4       99%         4
 Summon Cactus Giant      Summ           0%         N/A       100%        6
 Haunt                    Necr/Summ      0%         N/A       100%        7
 Necromutation            Tmut/Necr      0%         N/A       100%        8


Dungeon Overview and Level Annotations

Branches:
Dungeon (4/15)
 Temple: D:4-7

Altars:
Elyvilon
Ru
Sif Muna
Vehumet
Wu Jian
Yredelemnul
The Shining One


Innate Abilities, Weirdness & Mutations

You are immune to sickness and miasma.
Your stone body is resilient. (AC +4)
You are immune to poison.
You resist negative energy. (rN+)
You are resistant to electric shocks. (rElec)
You are resistant to unholy torment.
You are immune to petrification.


Message History

You feel less wooden.
Your +0 helmet unmelds from your body.
Your +2 robe of fire resistance unmelds from your body.
You feel resistant to fire.
You start resting.
HP restored.
You now have 229 gold pieces (gained 9).
A goblin comes into view. It is wielding a +0 dagger.
No reachable target in view!
A goblin is nearby!
No reachable target in view!
No reachable target in view!
The goblin shouts!
The goblin misses you.
You closely miss the goblin. The goblin hits you with a +0 dagger.
You closely miss the goblin. The goblin misses you.
You closely miss the goblin. The goblin hits you but does no damage.
You sock the goblin!
You kill the goblin!
No target in view!
You open the door.
A quokka comes into view.
A quokka is nearby!
An ogre comes into view. It is wielding a +0 giant club.
Found 11 gold pieces.
You hit the ogre.
The ogre is lightly wounded.
The ogre barely misses you.
You barely miss the ogre.
The ogre is lightly wounded.
The ogre hits you with a +0 giant club!
You hit the ogre.
The ogre is lightly wounded.
The quokka bites you.
You hit the ogre but do no damage.
The ogre is lightly wounded.
The quokka bites you but does no damage.
The ogre hits you with a +0 giant club!!
Ouch! That really hurt!
You die...

........#####............
.......................##
####.....................
..#.................####
#.#.....#...........####
#.#....+....########....
#.########..# #######.##
#...........# ..........
#######@#...# .........#
......Or#...# .........#
$.......###++ .........#
.......#. .........#
....... . .........#
....... .. ..........
#.##... .. .......... #.
#.## ### #####.... ##...


You could see an ogre and a quokka.

Vanquished Creatures
  Sigmund (D:3)
  A scorpion (D:4)
  An orc priest (D:3)
  2 iguanas (D:4)
  3 gnolls (D:4)
  7 adders
  3 worms
  2 dart slugs (D:1)
  3 orcs (D:3)
  A ball python (D:2)
  5 endoplasms
  7 giant cockroaches
  5 goblins
  7 hobgoblins
  2 jackals (D:3)
  9 bats
  3 frilled lizards (D:3)
  5 kobolds
  4 rats
71 creatures vanquished.

Notes
Turn   | Place    | Note
-------+----------+-------------------------------------------
     0 | D:1      | Tauromancer the Gargoyle Gladiator began the quest for the
                  | Orb.
     0 | D:1      | Reached XP level 1. HP: 12/12 MP: 1/1
   385 | D:1      | Reached XP level 2. HP: 17/17 MP: 2/2
   721 | D:1      | Reached XP level 3. HP: 20/22 MP: 3/3
   941 | D:2      | Found a faded altar of an unknown god.
  1261 | D:2      | Got the Disquisition on Evil
  1282 | D:2      | Reached skill level 4 in Staves
  1282 | D:2      | Reached XP level 4. HP: 27/27 MP: 4/4
  1834 | D:3      | Reached XP level 5. HP: 20/32 MP: 5/5
  2119 | D:3      | Noticed Sigmund
  2165 | D:3      | Killed Sigmund
  2166 | D:3      | Reached skill level 5 in Staves
  2166 | D:3      | Reached XP level 6. HP: 27/37 MP: 6/6
  2280 | D:3      | Found a white marble altar of Elyvilon.
  2282 | D:3      | Found a basalt altar of Yredelemnul.
  2284 | D:3      | Found a glowing golden altar of the Shining One.
  2284 | D:3      | Found a radiant altar of Vehumet.
  2290 | D:3      | Found an ornate altar of the Wu Jian Council.
  2290 | D:3      | Found a sacrificial altar of Ru.
  2291 | D:3      | Found a shimmering blue altar of Sif Muna.
  2350 | D:3      | Became a worshipper of Ru the Awakened
  3095 | D:4      | Reached skill level 6 in Staves
  3095 | D:4      | Reached skill level 1 in Armour
  3095 | D:4      | Reached XP level 7. HP: 41/41 MP: 7/7
  3472 | D:4      | Slain by an ogre

Illustrated notes

Levels and vault maps discovered:
D:1:      erik_arrival_triangle_small, layout_rooms
D:2:      layout_basic, ebering_ecumenical_altar_webs, minmay_pentomino_s2
D:3:      layout_basic, grunt_temple_overflow_open, item_on_display_a,
          uniq_sigmund
D:4:      layout_basic, serial_co_window_serial, co_window_paths_a,
          co_window_paths_a, co_window_paths_a, co_window_paths_b,
          co_window_corner_a, co_window_of_opportunity_b,
          co_window_unsneaky_path_c, co_window_of_opportunity_c,
          co_window_unsneaky_path_c, co_window_sun, co_window_4corner_b

Skill      XL: |  1  2  3  4  5  6 |
---------------+-------------------+-----
Dodging        | 3 |  3.7
Staves         | 4 5 6 |  6.1
Fighting       | 3 |  3.6
Throwing       | 2 |  2.0
Armour         | 1 |  1.2

Action                   |  1- 3 |  4- 6 |  7- 9 || total
-------------------------+-------+-------+-------++-------
Melee: Quarterstaff      |   100 |   134 |    19 ||   253
Throw: Throwing net      |       |     4 |       ||     4
       Javelin           |       |     1 |       ||     1
  Use: Scroll            |     2 |     6 |       ||     8
       Potion            |       |     2 |     1 ||     3
 Stab: Sleeping          |       |     1 |       ||     1
Armor: Leather armour    |    83 |    39 |       ||   122
       Robe              |       |    12 |     4 ||    16
       Skin              |       |       |     4 ||     4
Dodge: Dodged            |    89 |    86 |    13 ||   188
